 Dungeon Crawl Stone Soup version 0.30.0-5-g1a98f26d00 (webtiles) character file.

Game seed: 13385770105881398436

98 zeram the Chopper (level 4, -3/31 (38) HPs)
             Began as a Gnoll Reaver on May 7, 2023.
             Slain by a gnoll bouda
             ... wielding a +0 club
              (8 damage)
             ... on level 3 of the Dungeon on May 8, 2023.
             The game lasted 00:05:40 (2070 turns).

zeram the Chopper (Gnoll Reaver)                    Turns: 2070, Time: 00:05:41

HP:   -3/31 (38)    AC:  4    Str: 11    XL:     4   Next: 71%
MP:   10/11         EV: 12    Int: 15    God:
Gold: 90            SH:  0    Dex: 10    Spells: 12/13 levels left

rFire   . . .        a - +0 hand axe
rCold   . . .        (no shield)
rNeg    . . .        b - +1 leather armour
rPois   .            (no helmet)
rElec   .            (no cloak)
rCorr   .            (no gloves)
SInv    .            (no boots)
Will    .....        (no amulet)
Stlth   +            (no ring)
HPRegen 0.25/turn    (no ring)
MPRegen 0.12/turn

%: no passive effects
@: weakened, heavily drained
A: fangs 1, strong nose, distributed training
a: no special abilities


You were on level 3 of the Dungeon.
You visited 1 branch of the dungeon, and saw 3 of its levels.

You collected 90 gold pieces.

Inventory:

Hand Weapons
 a - a +0 hand axe (weapon)
Armour
 b - a +1 leather armour (worn)
Jewellery
 g - an amulet of magic regeneration
Scrolls
 h - 3 scrolls of teleportation
 i - a scroll of torment
 k - 2 scrolls of identify
Potions
 c - a potion of cancellation {unknown}
 d - 2 potions of curing
 j - a potion of heal wounds {unknown}
 l - a potion of might {unknown}


   Skills:
 + Level 4.7 Fighting
 + Level 1.2 Short Blades
 + Level 1.2 Long Blades
 + Level 6.6 Axes
 + Level 1.2 Maces & Flails
 + Level 1.2 Polearms
 + Level 1.2 Staves
 + Level 1.2 Ranged Weapons
 + Level 1.2 Throwing
 + Level 1.2 Armour
 + Level 4.7 Dodging
 + Level 1.2 Stealth
 + Level 1.2 Shields
 + Level 1.2 Unarmed Combat
 + Level 5.1 Spellcasting
 + Level 5.5 Conjurations
 + Level 1.0 Hexes
 + Level 1.0 Summonings
 + Level 1.0 Necromancy
 + Level 1.0 Translocations
 + Level 1.0 Transmutations
 + Level 1.0 Fire Magic
 + Level 1.0 Ice Magic
 + Level 1.0 Air Magic
 + Level 1.0 Earth Magic
 + Level 1.0 Poison Magic
 + Level 1.4 Invocations
 + Level 1.2 Evocations


You had 12 spell levels left.
You knew the following spells:

 Your Spells              Type           Power      Damage    Failure   Level
a - Kiss of Death         Conj/Necr      52%        2d9       5%          1

Your spell library contained the following spells:

 Spells                   Type           Power      Damage    Failure   Level
 Magic Dart               Conj           80%        1d7       2%          1
 Searing Ray              Conj           40%        2d5       3%          2
 Momentum Strike          Conj/Tloc      26%        3d8       9%          2
 Hailstorm                Conj/Ice       13%        3d5       17%         3
 Call Canine Familiar     Summ           7%         N/A       38%         3
 Portal Projectile        Hex/Tloc       14%        N/A       38%         3
 Fulminant Prism          Conj/Hex       6%         3d7       50%         4
 Leda's Liquefaction      Hex/Erth       3%         N/A       80%         4
 Borgnjor's Revivificati  Necr           3%         N/A       100%        8
 Necromutation            Tmut/Necr      3%         N/A       100%        8
 Death's Door             Necr           3%         N/A       100%        9


Dungeon Overview and Level Annotations

Branches:
Dungeon (3/15)

Altars:

Shops:
D:3 ([


Innate Abilities, Weirdness & Mutations

You have very sharp teeth.
Your uncanny sense of smell can sniff out nearby items.
Your experience applies equally to all skills.


Message History

The gnoll shouts! x4
The gnoll moves out of view. x2
A gnoll bouda comes into view. It is wielding a +0 club.
There are monsters nearby!
There are monsters nearby!
There are monsters nearby!
The gnoll bouda shouts!
The gnoll throws a throwing net.
The throwing net barely misses you.
There is an open door here.
Found a stone staircase leading up.
A quokka comes into view.
The gnoll barely misses you.
The gnoll bouda gazes fiercely through you!
You feel your attacks grow feeble. The gnoll hits you with a +0 whip.
The gnoll hits you with a +0 halberd! The gnoll closely misses you.
The gnoll bouda barks out a call to the hunt!
The gnolls pick up the pace!
You hit the gnoll. You bite the gnoll.
The gnoll is moderately wounded.
You hit the gnoll. You hit the gnoll bouda. You closely miss the gnoll.
You hit the gnoll. The gnoll hits you with a +0 whip.
The gnoll hits you with a +0 halberd! The gnoll hits you with a +0 spear.
The gnoll barely misses you.
The gnoll bouda hits you with a +0 club!
* * * LOW HITPOINT WARNING * * *
Unknown command.
You are too injured to fight recklessly!
Unknown command.
Casting: Kiss of Death (safe; 5% risk of failure)
Confirm with . or Enter, or press ? or * to list all spells.
Aiming: Kiss of Death (safe; 5% risk of failure)
Press: ? - help, Shift-Dir - straight line, f - gnoll
Aim: a gnoll, wielding a +0 spear (lightly wounded, covering ground quickly, 100% to hit)
The negative energy hits the gnoll.
The gnoll is drained!
The gnoll is almost dead.
You feel drained. The gnoll hits you with a +0 whip.
* * * LOW HITPOINT WARNING * * *
The gnoll bouda hits you with a +0 club!
You die...

##.....# .......#
............# .......#
............# .......#
............# ##'#####
............# #.#
............# #.#
.....r......# #.#
......ggg...# ##'#####
.<....g@g...# .......#
............#
....[..###########'###
.......##......###.######
.......''......'........#
.......#.......#...(.....#
.......#...#####.........#
.....♣♣♣♣^.# #.........#
.....♣∩....# #.........#


You could see a gnoll bouda, 4 gnolls and a quokka.

Vanquished Creatures
  2 adders (D:2)
  2 worms (D:2)
  2 dart slugs (D:2)
  8 ball pythons
  7 endoplasms
  3 giant cockroaches
  2 goblins
  6 hobgoblins
  7 jackals
  7 kobolds
  3 quokkas
  6 bats
  7 frilled lizards
  A rat (D:3)
63 creatures vanquished.

Notes
Turn   | Place    | Note
-------+----------+-------------------------------------------
     0 | D:1      | zeram the Gnoll Reaver began the quest for the Orb.
     0 | D:1      | Reached XP level 1. HP: 20/20 MP: 6/6
    77 | D:1      | Upgraded the game from 0.30.0 to 0.30.0-5-g1a98f26d00
   105 | D:1      | Reached XP level 2. HP: 26/26 MP: 7/7
   243 | D:1      | Reached skill level 5 in Spellcasting
   243 | D:1      | Reached XP level 3. HP: 9/31 MP: 7/9
   755 | D:2      | Reached skill level 1 in Invocations
   950 | D:2      | Reached skill level 1 in Short Blades
   950 | D:2      | Reached skill level 1 in Long Blades
   950 | D:2      | Reached skill level 1 in Maces & Flails
   950 | D:2      | Reached skill level 1 in Polearms
   950 | D:2      | Reached skill level 1 in Staves
   950 | D:2      | Reached skill level 1 in Ranged Weapons
   950 | D:2      | Reached skill level 1 in Throwing
   950 | D:2      | Reached skill level 1 in Armour
   950 | D:2      | Reached skill level 1 in Stealth
   950 | D:2      | Reached skill level 1 in Shields
   950 | D:2      | Reached skill level 1 in Unarmed Combat
   950 | D:2      | Reached skill level 1 in Evocations
   988 | D:2      | Reached XP level 4. HP: 13/38 MP: 11/11
  1415 | D:2      | Reached skill level 1 in Hexes
  1415 | D:2      | Reached skill level 1 in Summonings
  1415 | D:2      | Reached skill level 1 in Necromancy
  1415 | D:2      | Reached skill level 1 in Translocations
  1415 | D:2      | Reached skill level 1 in Transmutations
  1415 | D:2      | Reached skill level 1 in Fire Magic
  1415 | D:2      | Reached skill level 1 in Ice Magic
  1415 | D:2      | Reached skill level 1 in Air Magic
  1415 | D:2      | Reached skill level 1 in Earth Magic
  1415 | D:2      | Reached skill level 1 in Poison Magic
  1894 | D:3      | Found Amnaoh's Weapon Boutique.
  2045 | D:3      | Found Rotach's Armour Shoppe.
  2070 | D:3      | Slain by a gnoll bouda

Illustrated notes

Levels and vault maps discovered:
D:1:      saegor_arrival_simple_a, layout_basic
D:2:      cheibrodos_helix_gallery, layout_basic
D:3:      layout_basic, overflow_temple_1_default,
          mainiacjoe_overflow_large_starburst,
          hellmonk_ecumenical_altar_crossroads, serial_shops,
          nicolae_shop_peninsula, shop, shop, shop, bh_walls_and_bars,
          uniq_jessica

Skill      XL: |  1  2  3  4 |
---------------+-------------+-----
Spellcasting   | 5 |  5.1
Invocations    | 1 |  1.4
Short Blades   | 1 |  1.2
Long Blades    | 1 |  1.2
Maces & Flails | 1 |  1.2
Polearms       | 1 |  1.2
Staves         | 1 |  1.2
Ranged Weapons | 1 |  1.2
Throwing       | 1 |  1.2
Armour         | 1 |  1.2
Stealth        | 1 |  1.2
Shields        | 1 |  1.2
Unarmed Combat | 1 |  1.2
Evocations     | 1 |  1.2
Hexes          | 1 |  1.0
Summonings     | 1 |  1.0
Necromancy     | 1 |  1.0
Translocations | 1 |  1.0
Transmutations | 1 |  1.0
Fire Magic     | 1 |  1.0
Ice Magic      | 1 |  1.0
Air Magic      | 1 |  1.0
Earth Magic    | 1 |  1.0
Poison Magic   | 1 |  1.0
Fighting       | |  4.7
Axes           | |  6.6
Dodging        | |  4.7
Conjurations   | |  5.5

Action                     |  1- 3 |  4- 6 || total
---------------------------+-------+-------++-------
  Melee: Hand axe          |   138 |    70 ||   208
         Bite              |     9 |    14 ||    23
         Punch             |     1 |     3 ||     4
   Cast: Kiss of Death     |       |     1 ||     1
    Use: Scroll            |     1 |     5 ||     6
   Stab: Sleeping          |     1 |       ||     1
 Armour: Leather armour    |    41 |    12 ||    53
  Dodge: Dodged            |   118 |    28 ||   146
